 Dungeon Crawl Stone Soup version 0.16-a0-3706-g5dff784 (webtiles) character file.

124720 Econoterrorist the Warrior (level 17, -15/90 HPs)
             Began as a Kobold Berserker on Jan 19, 2015.
             Was a High Priest of Trog.
             Blown up by an eye of devastation (26 damage)
             ... with a bolt of energy
             ... on level 1 of the Abyss.
             The game lasted 02:59:42 (37581 turns).

Econoterrorist the Warrior (Kobold Berserker)      Turns: 37581, Time: 02:59:42

Health: -15/90     AC: 23    Str: 12 (13) XL:     17   Next: 48%
Magic:  23/23      EV: 14    Int:  1      God:    Trog [*****.]
Gold:   984        SH: 13    Dex: 17      Spells: 0 memorised, 16 levels left

rFire  + . .     SeeInvis +     D - +7 quick blade
rCold  . . .     Rnd*Rage +     k - +2 chain mail {rF+}
rNeg   + . .     SustAb   .     T - +0 shield {reflect}
rPois  .         Gourm    .     N - +0 helmet
rElec  .         Spirit   .     v - +1 cloak
rCorr  .         Warding  +     P - +1 pair of gloves
rMut   .         Rnd*Tele +     M - +2 pair of boots
MR     +....                    o - amulet of warding
Stlth  ..........               m - ring of see invisible
                                K - +4 ring of protection

@: studying Long Blades, somewhat resistant to hostile enchantments, extremely
unstealthy
A: berserk 3, blurry vision 2, carnivore 3, clumsy 2, deformed body,
deterioration 3, dopey 2, frail 2, low mp 2, screaming 1, teleportitis 3, weak
2, no device heal 3, forlorn, placid magic 3, MP-powered wands 3
a: Burn Spellbooks, Berserk, Trog's Hand, Brothers in Arms, Renounce Religion


You were on level 1 of the Abyss.
You worshipped Trog.
Trog was extremely pleased with you.
You were not hungry.

You visited 5 branches of the dungeon, and saw 28 of its levels.
You visited the Abyss 1 time.
You also visited: Volcano.

You collected 3161 gold pieces.
You spent 2177 gold pieces at shops.

Inventory:

Hand weapons
 D - a +7 quick blade (weapon)
 Q - a +4 rapier of venom
Armour
 k - a +2 chain mail of fire resistance (worn)
 v - a +1 cloak (worn)
 M - a +2 pair of boots (worn)
 N - a +0 helmet (worn)
 P - a +1 pair of gloves (worn)
 T - a +0 shield of reflection (worn)
Rods
 Z - a +6 rod of clouds (13/13)
   (You bought it in a shop on level 4 of the Orcish Mines)
Jewellery
 m - a ring of see invisible (right hand)
 o - an amulet of warding (around neck)
 A - the ring "Ycselikh" {rN+ Int+2}
   (You found it on level 6 of the Dungeon)

   [ring of intelligence]

   It affects your intelligence (+2).
   It protects you from negative energy.
 H - an uncursed ring of poison resistance
 J - an uncursed amulet of resist corrosion
 K - a +4 ring of protection (left hand)
Magical devices
 r - a wand of frost (17)
 w - a wand of teleportation (4)
 y - a wand of frost (34)
 B - a wand of lightning (2)
 F - a wand of digging (7)
 G - a wand of teleportation (8)
 O - a wand of disintegration (5)
Scrolls
 e - 8 scrolls of remove curse
 h - 6 scrolls of magic mapping
 j - 2 scrolls of recharging
 l - 2 scrolls of fog
 n - 3 scrolls of fear
 q - 12 scrolls of identify
 u - a scroll of silence
 z - 2 scrolls of enchant armour
 L - 2 scrolls of teleportation
 U - a scroll of blinking
Potions
 a - 6 potions of curing
 b - 3 potions of flight
 d - 3 potions of heal wounds
 f - a potion of invisibility
 i - 3 potions of haste
 p - a potion of resistance
 s - 2 potions of cancellation
 x - a potion of lignification
 S - a potion of restore abilities
 X - 2 potions of might
 Y - a potion of agility
Books
 C - a manual of Long Blades
Miscellaneous
 g - a lamp of fire
 I - a phantom mirror
Comestibles
 c - 6 meat rations
 t - 4 slices of pizza
 E - 3 beef jerkies
 R - 8 royal jellies


   Skills:
 - Level 15.1 Fighting
 - Level 14.0 Short Blades
 - Level 10.0 Armour
 - Level 15.0 Dodging
 + Level 13.2 Shields
 - Level 10.0 Evocations


You had 16 spell levels left.
You didn't know any spells.

Dungeon Overview and Level Annotations

Branches:
Dungeon (12/15)            Temple (1/1) D:7            Lair (8/8) D:9
 Shoals (0/5) Lair:3       Spider (0/5) Lair:5        Slime (0/6) Lair:7
    Orc (4/4) D:11            Elf (3/3) Orc:3

Altars:
Cheibriados
Dithmenos
Elyvilon
Kikubaaqudgha
Okawaru
Sif Muna
Trog
Vehumet
Xom
Yredelemnul
Zin
The Shining One
Jiyva

Shops:
D:5 (   D:9 }   Orc:4 *[(}

Portals:
Trove: D:10 (give 11 potions of heal wounds)

Annotations:
Elf:2 runed door


Innate Abilities, Weirdness & Mutations

You are small and have problems with some larger weapons.
You are carnivorous and can eat meat at any time.
[You have an uncontrollable temper.]
[Scrolls take you longer to read.]
[You are very clumsy. (Dex -4)]
[Armour fits poorly on your strangely shaped body.]
[Your body is rapidly deteriorating.]
[You are very dopey. (Int -4)]
[You are very frail (-20% HP).]
[Your magical capacity is very low (-20% MP).]
[You occasionally shout uncontrollably at your foes.]
[Space frequently distorts in your vicinity.]
[You are very weak. (Str -4)]
[Potions and wands cannot restore your health.]
[You have difficulty communicating with the divine.]
[Your spells are much easier to cast, but much less powerful.]
[You expend magic power (9 MP) to make your wands much stronger.]


Message History

You hear a shout!
A starcursed mass splits.
A cacophony of accursed wailing tears at your sanity!
Found a fine swamp dragon armour and an ornate deck of cards.
A golden eye comes into view.
A great orb of eyes comes into view.
The great orb of eyes turns its gaze towards you.
The golden eye turns its gaze towards you.
The eye of devastation gazes at you. The bolt of energy hits you!
* * * LOW HITPOINT WARNING * * *
There is a large open door, spattered with blood here.
Drink which item? (? for menu, Esc to quit)
Okay, then.
Read which item? (? for menu, Esc to quit)
The golden eye blinks!
The small abomination closely misses you.
The eye of devastation gazes at you. The bolt of energy hits you!
You die...

# #.## ##. # .# . ##
.# #.. # # ...#.
..#.... #. ..... .. ..
. #..#.... #.. # # # #
..## ### ##.##
#G#G#######.###T..##
##[##...@xX..#*X...#..
G###....'XX.XXXX.....
.
G.....####..#XX...#...
.G...## #..###...###..
...###. #. # ##.##
###ยง.##.. >..#
..###... ..).# # ...
... .


You could see 9 starcursed masses, 2 great orbs of eyes, 2 eyes of devastation,
a small abomination and a golden eye.

Vanquished Creatures
  Donald (Orc:3)
  3 deep elf sorcerers
  A deep elf demonologist (Elf:2)
  Snorg (Lair:8)
  A deep elf death mage (Elf:3)
  Josephine (Orc:2)
  A deep elf high priest (Elf:2)
  A great orb of eyes (Abyss:1)
  Fannar (Orc:4)
  5 hydras
  14 death yaks
  10 dancing weapons (Elf:2)
  The ghost of kober the Martial Artist, an experienced MfTm of Makhleb (D:8)
  An orc high priest (Orc:2)
  A sun demon (Abyss:1)
  4 ogre magi (Orc:4)
  A catoblepas (Lair:6)
  13 deep elf knights
  An unseen horror (D:10)
  A hell knight (Abyss:1)
  6 deep elf summoners
  Erolcha (D:8)
  An orc knight (Orc:2)
  A hill giant (D:10)
  8 deep elf conjurers
  An orb spider (Lair:5)
  2 wolf spiders
  2 griffons (Lair:7)
  3 ugly things
  2 manticores (D:11)
  4 black mambas
  A naga mage (Abyss:1)
  A torpor snail (Lair:4)
  18 spiny frogs
  3 gargoyles (Volcano)
  A queen ant (shapeshifter) (Elf:2)
  A molten gargoyle (Volcano)
  13 komodo dragons
  5 deep elf priests
  A queen bee (Orc:3)
  4 fire drakes
  2 large abominations (Abyss:1)
  3 giant leeches (Lair:8)
  A polar bear (Lair:5)
  2 trolls (Orc:2)
  Grinder (D:5)
  30 blink frogs
  18 two-headed ogres
  A jumping spider (Elf:2)
  5 basilisks
  22 deep elf magi
  A trapdoor spider (D:11)
  4 redbacks
  A tarantella (Elf:1)
  4 vampire mosquitoes
  Eustachio (D:5)
  32 deep elf fighters
  41 yaks
  14 hippogriffs
  16 wolves
  The ghost of Econoterrorist the Insei, an average DsTm (D:4)
  Menkaure (D:4)
  4 wargs
  15 water moccasins
  3 ice beasts
  19 orc warriors
  2 sky beasts
  2 phantoms
  2 spiders (Orc:1)
  4 porcupines
  A dwarf (shapeshifter) (Elf:1)
  29 ogres
  The ghost of afd the Skirmisher, an average FoAK of Lugonu (D:3)
  4 boring beetles
  2 necrophages (D:8)
  2 black bears
  13 crocodiles
  A wasp (Lair:5)
  Duvessa (D:6)
  28 giant frogs
  8 centaurs
  2 small abominations (Abyss:1)
  6 scorpions
  A wyvern skeleton (D:11)
  23 killer bees
  3 electric eels (Lair:8)
  A giant frog zombie (D:5)
  A crimson imp (D:6)
  A goliath beetle (D:9)
  2 quasits (Abyss:1)
  Dowan (D:6)
  12 hounds
  23 orc priests
  3 jellies
  3 giant frog skeletons
  6 iguanas
  2 centaur skeletons
  34 orc wizards
  5 hell rats
  16 worker ants
  21 sheep
  Jessica (D:2)
  A hound skeleton (D:4)
  2 hound zombies
  31 adders
  5 gnolls
  3 shadow imps
  8 giant mites
  58 river rats
  An ufetubus (Abyss:1)
  3 worms
  8 giant geckos
  170 orcs
  2 ball pythons
  17 bats
  2 bat zombies (D:5)
  3 giant cockroaches
  17 hobgoblins
  10 quokkas
  5 giant newts
  A giant spore (D:9)
  31 goblins
  A goblin zombie (Orc:2)
  A hobgoblin zombie (Orc:2)
  17 jackals
  22 kobolds
  An orc simulacrum (Orc:2)
  2 orc zombies (Orc:2)
  19 rats
  2 ballistomycetes (D:9)
  2 fungi
  A plant (Elf:2)
1097 creatures vanquished.

Vanquished Creatures (collateral kills)
  Rupert (Elf:2)
  A tentacled starspawn (Abyss:1)
  A death yak (Lair:6)
  An orc high priest (Elf:2)
  7 dancing weapons (Elf:2)
  A thrashing horror (Abyss:1)
  2 wretched stars (Abyss:1)
  A deep elf knight (Elf:2)
  An orc knight (Orc:1)
  A deep elf summoner (Elf:2)
  A deep elf conjurer (Elf:2)
  A worldbinder (Abyss:1)
  A guardian serpent (Abyss:1)
  A rust devil (Abyss:1)
  A spiny frog (Lair:8)
  2 giant leeches (Lair:8)
  A troll (Elf:2)
  5 blink frogs
  A deep elf fighter (Elf:2)
  A hippogriff (Lair:8)
  2 vampire mosquitoes (Lair:8)
  3 orc warriors
  3 giant frogs (Lair:8)
  An electric eel (Lair:8)
  A starcursed mass (Abyss:1)
  An orc priest (Elf:2)
  An orc (Elf:2)
44 creatures vanquished.

Vanquished Creatures (others)
  2 deep elf knights
  2 deep elf fighters (Elf:3)
  A giant frog (Lair:7)
  A lost soul (Elf:3)
  17 fungi
  20 plants
  4 starspawn tentacles (Abyss:1)
  11 starspawn tentacle segments (Abyss:1)
58 creatures vanquished.

Grand Total: 1199 creatures vanquished

Notes
Turn   | Place    | Note
--------------------------------------------------------------
     0 | D:1      | Econoterrorist, the Kobold Berserker, began the quest for the Orb.
     0 | D:1      | Reached XP level 1. HP: 14/14 MP: 1/1
   261 | D:1      | Reached XP level 2. HP: 9/19 MP: 2/2
   669 | D:1      | Reached skill level 5 in Short Blades
  1062 | D:1      | Reached XP level 3. HP: 16/23 MP: 3/3
  1439 | D:2      | Acquired Trog's second power
  1589 | D:2      | Reached skill level 6 in Short Blades
  1634 | D:2      | Reached XP level 4. HP: 24/28 MP: 4/4
  1756 | D:2      | Noticed Jessica
  1763 | D:2      | Killed Jessica
  2304 | D:3      | Reached XP level 5. HP: 29/32 MP: 5/5
  2321 | D:3      | Noticed afd's ghost (average FoAK)
  2329 | D:3      | Killed afd's ghost
  2329 | D:3      | Reached skill level 7 in Short Blades
  2415 | D:3      | Reached XP level 6. HP: 35/38 MP: 6/6
  2549 | D:3      | Found an iron altar of Okawaru.
  2558 | D:3      | Found a bloodstained altar of Trog.
  2868 | D:4      | Noticed Menkaure
  2876 | D:4      | Killed Menkaure
  3004 | D:4      | Reached skill level 8 in Short Blades
  3006 | D:4      | Reached XP level 7. HP: 36/44 MP: 7/7
  3145 | D:4      | Noticed Econoterrorist's ghost (average DsTm)
  3154 | D:4      | Killed Econoterrorist's ghost
  3359 | D:4      | Reached skill level 5 in Fighting
  3659 | D:4      | Found a shimmering altar of Xom.
  3683 | D:4      | Reached skill level 9 in Short Blades
  3717 | D:4      | Reached XP level 8. HP: 49/49 MP: 8/8
  4220 | D:5      | Entered Level 5 of the Dungeon
  4341 | D:5      | Reached skill level 10 in Short Blades
  4353 | D:5      | Acquired Trog's third power
  4404 | D:5      | Found Ygyh Dubar's Antique Weapon Shoppe.
  4503 | D:5      | Noticed Eustachio
  4534 | D:5      | Killed Eustachio
  4548 | D:5      | Noticed Grinder
  4571 | D:5      | Paralysed by Grinder for 5 turns
  4579 | D:5      | Killed Grinder
  4579 | D:5      | Reached XP level 9. HP: 29/55 MP: 9/9
  5037 | D:5      | Reached skill level 11 in Short Blades
  5795 | D:6      | Noticed Dowan
  5796 | D:6      | Noticed Duvessa
  5812 | D:6      | Killed Dowan
  5817 | D:6      | Killed Duvessa
  6039 | D:6      | Got a warped turquoise ring
  6040 | D:6      | Identified the ring "Ycselikh" {rN+ Int+2} (You found it on level 6 of the Dungeon)
  6365 | D:6      | Found a radiant altar of Vehumet.
  6365 | D:6      | Found a snail-covered altar of Cheibriados.
  6366 | D:6      | Found a shadowy altar of Dithmenos.
  6379 | D:6      | Reached skill level 12 in Short Blades
  6590 | D:7      | Reached skill level 5 in Armour
  6678 | D:7      | Found a staircase to the Ecumenical Temple.
  6732 | Temple   | Entered the Ecumenical Temple
  6914 | D:7      | Received a gift from Trog
  7207 | D:7      | Reached XP level 10. HP: 64/64 MP: 10/10
  7423 | D:8      | Reached skill level 1 in Shields
  7558 | D:8      | Noticed Erolcha
  7575 | D:8      | Killed Erolcha
  7925 | D:8      | Noticed kober's ghost (experienced MfTm)
  7949 | D:8      | Killed kober's ghost
  7949 | D:8      | Reached skill level 5 in Shields
  8229 | D:8      | Found a glowing golden altar of the Shining One.
  8319 | D:8      | Found a deep blue altar of Sif Muna.
  8320 | D:8      | Found a white marble altar of Elyvilon.
  8342 | D:8      | Found a basalt altar of Yredelemnul.
  8836 | D:9      | Found a staircase to the Lair.
  8868 | Lair:1   | Entered Level 1 of the Lair of Beasts
  8868 | Lair:1   | Noticed a spiny frog
  8896 | Lair:1   | Killed a spiny frog
  8986 | Lair:1   | Reached XP level 11. HP: 45/69 MP: 11/11
  9039 | Lair:1   | Found a dark tunnel.
  9089 | Volcano  | Entered a volcano
  9303 | Volcano  | Noticed a lindwurm
  9775 | Lair:1   | Received a gift from Trog
  9852 | Lair:1   | Noticed a spiny frog
  9873 | Lair:1   | Killed a spiny frog
 10269 | Lair:1   | Found an ancient bone altar of Kikubaaqudgha.
 10664 | Lair:1   | Reached skill level 10 in Fighting
 11129 | Lair:2   | Reached XP level 12. HP: 54/77 MP: 4/12
 11327 | Lair:2   | Noticed a six-headed hydra
 11341 | Lair:2   | Killed a six-headed hydra
 11385 | Lair:2   | Received a gift from Trog
 13068 | Lair:3   | Reached skill level 10 in Armour
 13627 | Lair:3   | Reached skill level 5 in Dodging
 13945 | Lair:3   | Found a staircase to the Shoals.
 14596 | Lair:4   | Noticed a five-headed hydra
 14605 | Lair:4   | Killed a five-headed hydra
 14792 | Lair:4   | Reached XP level 13. HP: 75/82 MP: 4/13
 15520 | Lair:5   | Reached skill level 10 in Dodging
 15552 | Lair:5   | Reached skill level 1 in Evocations
 15984 | Lair:5   | Received a gift from Trog
 16448 | Lair:5   | Found a hole to the Spider Nest.
 16755 | Lair:5   | Reached skill level 5 in Evocations
 17339 | Lair:6   | Received a gift from Trog
 17594 | Lair:6   | You fall through a shaft for 2 floors!
 17594 | Lair:8   | Entered Level 8 of the Lair of Beasts
 17969 | Lair:6   | Identified Asae's Almanac of Battle Magic
 18942 | Lair:7   | Reached XP level 14. HP: 88/92 MP: 8/26
 19039 | Lair:7   | Found a viscous altar of Jiyva.
 19039 | Lair:7   | Found a staircase to the Slime Pits.
 19832 | Lair:7   | Reached skill level 10 in Evocations
 19867 | Lair:7   | Received a gift from Trog
 20112 | Lair:7   | Reached skill level 13 in Fighting
 21048 | Lair:7   | Reached skill level 14 in Fighting
 21606 | Lair:8   | Noticed Snorg
 21658 | Lair:8   | Killed Snorg
 21966 | Lair:8   | Reached skill level 15 in Fighting
 22317 | Lair:8   | Received a gift from Trog
 22640 | Lair:8   | Reached XP level 15. HP: 40/103 MP: 9/28
 23661 | Lair:8   | Received a gift from Trog
 23662 | Lair:8   | Got a transparent quarterstaff {god gift}
 24384 | D:9      | Found a glowing silver altar of Zin.
 24604 | D:9      | Found Paf Exul's Gadget Emporium.
 25106 | D:10     | Entered Level 10 of the Dungeon
 25436 | D:10     | Found a portal to a secret trove of treasure.
 25538 | D:10     | Received a gift from Trog
 26127 | D:11     | Found a staircase to the Orcish Mines.
 26772 | Orc:1    | Entered Level 1 of the Orcish Mines
 26912 | Orc:1    | Received a gift from Trog
 28239 | Orc:2    | Received a gift from Trog
 28307 | Orc:2    | Noticed Josephine
 28338 | Orc:2    | Killed Josephine
 28856 | Orc:2    | Found a bloodstained altar of Trog.
 29303 | Orc:3    | Noticed Donald
 29336 | Orc:3    | Killed Donald
 29366 | Orc:3    | Received a gift from Trog
 30084 | Orc:3    | Found a staircase to the Elven Halls.
 30255 | Orc:4    | Entered Level 4 of the Orcish Mines
 30292 | Orc:4    | Received a gift from Trog
 30675 | Orc:4    | Paralysed by an ogre mage for 5 turns
 30744 | Orc:4    | Noticed Fannar
 30753 | Orc:4    | Reached XP level 16. HP: 91/108 MP: 29/29
 30787 | Orc:4    | Killed Fannar
 30914 | Orc:4    | Reached skill level 15 in Dodging
 30929 | Orc:4    | Found Fryff's Assorted Antiques.
 30929 | Orc:4    | Found Khassan's Antique Armour Shoppe.
 30932 | Orc:4    | Found Goiggapn's Antique Weapon Shoppe.
 30932 | Orc:4    | Found Esudod's Gadget Boutique.
 30968 | Orc:4    | Bought a twisted blue amulet for 170 gold pieces
 30968 | Orc:4    | Bought a sapphire ring for 170 gold pieces
 30997 | Orc:4    | Bought a runed rapier for 132 gold pieces
 30998 | Orc:4    | Bought a +6 rod of clouds (13/13) for 1705 gold pieces
 31229 | Elf:1    | Entered Level 1 of the Elven Halls
 31235 | Elf:1    | Received a gift from Trog
 31440 | Lair:1   | Identified a scroll of acquirement
 31442 | Lair:1   | Got a pair of scorched gloves
 31453 | Lair:1   | Identified the -4 pair of gloves of the Shining Light {MR+ Str-2 Stlth+} (You acquired it on level 1 of the Lair of Beasts)
 31646 | Elf:1    | Found a deep blue altar of Sif Muna.
 32588 | Elf:1    | Received a gift from Trog
 33120 | Elf:2    | Noticed an Executioner
 33124 | Elf:2    | Reached skill level 10 in Shields
 34108 | Elf:2    | Found a huge runed gate.
 34108 | Elf:2    | Found a huge runed gate.
 34108 | Elf:2    | Found a huge runed gate.
 34109 | Elf:2    | Found a huge runed gate.
 34110 | Elf:2    | Found a huge runed gate.
 34938 | Elf:2    | HP: 2/108 [glaive of chopping (4)]
 35217 | Elf:2    | Reached XP level 17. HP: 102/113 MP: 29/29
 35299 | Elf:2    | Noticed Rupert
 35315 | Elf:2    | Killed Rupert
 35397 | Elf:2    | Received a gift from Trog
 36064 | Elf:3    | Entered Level 3 of the Elven Halls
 36943 | Elf:3    | Cast into the Abyss (a ghostly deep elf sorcerer)
 37087 | Abyss:1  | Received a gift from Trog
 37203 | Abyss:1  | Found a corrupted altar of Lugonu.
 37254 | Abyss:1  | Noticed a tentacled starspawn
 37269 | Abyss:1  | Killed a tentacled starspawn
 37308 | Abyss:1  | Found a corrupted altar of Lugonu.
 37576 | Abyss:1  | Paralysed by accursed screaming for 2 turns
 37581 | Abyss:1  | Blown up by an eye of devastation

Action                   |  1- 3 |  4- 6 |  7- 9 | 10-12 | 13-15 | 16-18 || total
-------------------------+-------+-------+-------+-------+-------+-------++-------
Melee: Short sword       |   106 |   152 |   618 |   373 |       |       ||  1249
       Dagger            |       |    15 |       |   358 |    50 |       ||   423
       Rapier            |       |       |       |   537 |  2909 |   338 ||  3784
       Quick blade       |       |       |       |       |       |   801 ||   801
Invok: Berserk           |     1 |     3 |     6 |     8 |     8 |       ||    26
       Trog's Hand       |       |       |       |     2 |     1 |     3 ||     6
       Brothers in Arms  |       |       |       |       |     6 |    10 ||    16
       Burn Spellbooks   |       |       |       |       |     2 |       ||     2
Evoke: Wand              |       |       |       |     2 |    14 |       ||    16
       Rod               |       |       |       |       |       |    22 ||    22
  Use: Scroll            |       |     1 |       |    15 |    18 |     6 ||    40
       Potion            |       |       |       |     3 |       |     7 ||    10
 Stab: Distracted        |       |       |       |       |     1 |       ||     1
       Held in net/web   |       |       |       |       |     3 |       ||     3
  Eat: Chunk             |    12 |     6 |    19 |    34 |    63 |    30 ||   164
